 Dungeon Crawl Stone Soup version 0.28-a0-69-g49dcd67cf8 (webtiles) character file.

Game seed: 12764495734432007777

35982 Gwenloh the Severer (level 13, -1/119 HPs)
             Began as a Hill Orc Fighter on July 30, 2021.
             Was a High Priest of Trog.
             Engulfed by a cloud of flame (11 damage)
             ... in a volcano on July 31, 2021.
             The game lasted 00:54:44 (17004 turns).

Gwenloh the Severer (Hill Orc Fighter)             Turns: 17004, Time: 00:54:45

Health: -1/119     AC: 26    Str: 22    XL:     13   Next: 87%
Magic:  13/13      EV:  7    Int:  8    God:    Trog [*****.]
Gold:   1122       SH: 15    Dex: 22    Spells: 12/12 levels left

rFire   . . .      SeeInvis .   a - +6 broad axe "Grim Tooth" {flame, rElec Str+2 Dex+2}
rCold   + + .      Faith    .   c - +0 kite shield
rNeg    . . .      Spirit   .   P - +2 plate armour {rC+}
rPois   .          Reflect  .   s - +0 helmet
rElec   +          Harm     .   S - +2 cloak {rC+}
rCorr   +          Rampage  .   (no gloves)
Will    .....                   F - +2 pair of boots
Stlth   ..........              p - amulet of regeneration
HPRegen 1.29/turn               v - +6 ring of dexterity
MPRegen 0.13/turn               O - ring of resist corrosion

@: hasted, very quick
A: no striking features
a: Renounce Religion, Berserk, Trog's Hand, Brothers in Arms


You were in a volcano.
You worshipped Trog.
Trog was extremely pleased with you.
You visited 2 branches of the dungeon, and saw 14 of its levels.
You also visited: Ice Cave and Volcano.

You collected 1122 gold pieces.

Inventory:

Hand Weapons
 a - the +6 broad axe "Grim Tooth" (weapon) {flame, rElec Str+2 Dex+2}
   (You acquired it on level 9 of the Dungeon)

   It burns those it strikes, dealing additional fire damage.
   Big, fiery blades are also staple armaments of hydra-hunters.
   Str:       It affects your strength (+2).
   Dex:       It affects your dexterity (+2).
   rElec:     It insulates you from electricity.
 b - a +0 hand crossbow
 u - a +0 hunting sling
Missiles
 g - 129 bolts
 k - 27 atropa-tipped darts
 o - 41 poisoned darts
 y - 10 javelins (quivered)
Armour
 c - a +0 kite shield (worn)
 s - a +0 helmet (worn)
 t - a +1 scale mail of poison resistance
 F - a +2 pair of boots (worn)
 P - a +2 plate armour of cold resistance (worn)
 S - a +2 cloak of cold resistance (worn)
Jewellery
 p - an amulet of regeneration (around neck)
 v - a +6 ring of dexterity (left hand)
 D - a ring of protection from cold
 O - a ring of resist corrosion (right hand)
 R - a ring of magical power
 T - an amulet of reflection
 W - an amulet of guardian spirit
 Y - a ring of willpower
Wands
 f - a wand of mindburst (17)
 r - a wand of digging (5)
 G - a wand of iceblast (8)
 J - a wand of polymorph (7)
 L - a wand of flame (26)
 U - a wand of acid (9)
Scrolls
 h - 3 scrolls of fog
 w - 2 scrolls of enchant armour
 x - 8 scrolls of teleportation
 z - a scroll of acquirement
 C - 4 scrolls of enchant weapon
 E - 3 scrolls of magic mapping
 I - a scroll of fear
Potions
 d - 2 potions of might
 e - 2 potions of lignification {unknown}
 j - 3 potions of magic {unknown}
 l - 6 potions of curing
 m - a potion of resistance {unknown}
 n - 3 potions of haste
 q - 5 potions of heal wounds {unknown}
 A - 2 potions of flight {unknown}
 B - a potion of mutation {unknown}
 M - 3 potions of attraction {unknown}
 N - 2 potions of invisibility {unknown}
 V - a potion of degeneration {unknown}
 X - a potion of berserk rage {unknown}
 Z - a potion of brilliance {unknown}
Miscellaneous
 H - a phantom mirror
 Q - a phial of floods


   Skills:
 + Level 12.8 Fighting
 * Level 18.1 Axes
 + Level 11.9 Armour
 + Level 14.4 Shields


You had 12 spell levels left.
You didn't know any spells.
Your spell library contained the following spells:

 Spells                   Type           Power      Damage    Failure   Level
 Animate Skeleton         Necr           0%         N/A       99%         1
 Apportation              Tloc           0%         N/A       99%         1
 Corona                   Hex            0%         N/A       99%         1
 Summon Small Mammal      Summ           0%         N/A       99%         1
 Blink                    Tloc           N/A        N/A       100%        2
 Corpse Rot               Necr/Air       N/A        N/A       100%        2
 Lesser Beckoning         Tloc           0%         N/A       100%        3
 Ozocubu's Armour         Ice            0%         N/A       100%        3
 Dispel Undead            Necr           0%         3d6       100%        4
 Ice Form                 Ice/Tmut       0%         N/A       100%        4
 Manifold Assault         Tloc           0%         N/A       100%        5
 Metabolic Englaciation   Hex/Ice        0%         N/A       100%        5
 Death Channel            Necr           0%         N/A       100%        6
 Ozocubu's Refrigeration  Ice            0%         4d5       100%        7
 Borgnjor's Revivificati  Necr           0%         N/A       100%        8
 Necromutation            Tmut/Necr      0%         N/A       100%        8
 Death's Door             Necr           0%         N/A       100%        9


Dungeon Overview and Level Annotations

Branches:
Dungeon (11/15)            Temple (0/1) D:7            Lair (3/6) D:11
 Spider (0/4) Lair:2          Orc (0/2) D:10          IceCv (visited)
Volcano (1/1)
  Swamp: Lair:2-4    Shoals: Lair:2-4

Altars:
Ashenzari
Elyvilon
Gozag
Kikubaaqudgha
Makhleb
Okawaru
Ru
Trog
Uskayaw
Vehumet
Wu Jian
Yredelemnul
The Shining One

Shops:
D:10 =   D:11 :

Annotations:
Lair:1 3 runed translucent doors, PeterMcNeter's ghost, journeyman DsFi; bmj180's ghost, journeyman DrCj


Message History

You are engulfed in blazing flames.
You are engulfed in blazing flames.
You are engulfed in blazing flames.
You see here a javelin.
y - 10 javelins (gained 1)
You are engulfed in blazing flames.
You open the door.
You are engulfed in blazing flames. 2 fire elementals come into view.
There is an open door here.
You closely miss the fire elemental. You barely miss the fire elemental.
The fire elemental hits you. The fire elemental burns you!
You slice the fire elemental!!
The fire elemental is heavily damaged.
The fire elemental hits you. The fire elemental burns you!
You slash the fire elemental!
The fire elemental is almost destroyed.
You are engulfed in blazing flames.
You block the fire elemental's attack.
You are too injured to fight recklessly!
You are too injured to fight recklessly!
You completely miss the fire elemental.
The fire elemental is almost destroyed.
You are engulfed in blazing flames.
The fire elemental hits you. The fire elemental burns you!
* * * LOW HITPOINT WARNING * * *
Unknown command.
You slash the fire elemental!
You destroy the fire elemental!
Trog accepts your kill.
You slash the fire vortex!
You are engulfed in blazing flames.
The fire vortex hits you. The fire vortex burns you!
* * * LOW HITPOINT WARNING * * *
The fire vortex dissipates!
You don't know any spells.
You feel yourself speed up.
You are engulfed in blazing flames.
You block the fire elemental's attack. The fire elemental hits you.
The fire elemental burns you!
* * * LOW HITPOINT WARNING * * *
You are engulfed in blazing flames.
You die...

#### ##.○## #.≈○○# #
##.≈○○## #### ##.
#.○○≈≈○# ##§.## #.≈.
##.≈○○≈.## ##○§§§# .≈≈..
#.○≈≈○○≈.###○§○§§#
≈≈○≈≈○##@≈≈≈≈≈≈.##○○≈§§§'
≈≈○≈≈○E○#≈≈v####'.≈≈§§≈≈#
≈○○○≈##############≈§§°≈#
#○# ##≈#≈≈≈#+.####≈##
.≈≈k≈≈≈)##.#####'
.≈≈≈k≈§.###.##..#
#.≈≈≈≈.## ##...## #.≈≈≈..
##.## ##.≈≈.. ###


You could see a fire elemental and a fire vortex.

Vanquished Creatures
  5 hydras
  3 boulder beetles (D:11)
  An ironbound frostheart (IceCv)
  2 two-headed ogres
  2 centaur warriors
  4 death yaks (IceCv)
  A cyclops (D:10)
  An ice statue (IceCv)
  A toenail golem (Volcano)
  3 elephants (Lair:3)
  A molten gargoyle (Volcano)
  4 cane toads
  2 komodo dragons
  2 efreet (Volcano)
  10 polar bears
  A demonic crawler (Lair:2)
  Prince Ribbit (D:7)
  A blink frog (Lair:2)
  4 centaur simulacra (D:11)
  A shadow (D:9)
  2 wraiths
  3 wyverns (D:11)
  31 yaks
  A basilisk (D:11)
  5 fire elementals (Volcano)
  4 vampire mosquitoes (D:11)
  3 steam dragons
  An acid dragon (D:10)
  9 water moccasins
  2 black bears (D:11)
  6 ice beasts
  3 sky beasts
  2 orc warriors
  30 wolves
  A necrophage (D:6)
  3 ogres
  4 centaurs
  3 kobold brigands
  9 bullfrogs
  A water moccasin zombie (D:5)
  A gnoll sergeant (D:11)
  4 scorpions
  2 earth elementals (Volcano)
  13 killer bees
  23 wights
  A jelly (D:8)
  4 electric eels
  5 centaur zombies
  A bullfrog zombie (D:7)
  A bullfrog skeleton (D:5)
  5 orc priests
  3 hounds
  A centaur skeleton (D:7)
  Ijyb (D:3)
  5 iguanas
  7 orc wizards
  A hound skeleton (D:4)
  3 howler monkey zombies
  Robin (D:2)
  7 gnolls
  5 adders
  A shadow imp (D:7)
  A white imp (D:11)
  5 ufetubi
  An adder skeleton (D:4)
  2 worms
  3 dart slugs
  32 orcs
  6 ball pythons
  5 bats
  3 endoplasms (D:2)
  8 giant cockroaches
  12 goblins
  6 hobgoblins
  2 jackals (D:3)
  A quokka (D:1)
  2 frilled lizards (D:3)
  25 kobolds
  3 rats
385 creatures vanquished.

Vanquished Creatures (collateral kills)
  An ironbound frostheart (IceCv)
  Maggie (D:8)
2 creatures vanquished.

Vanquished Creatures (others)
  2 bushes (D:2)
  A fire vortex (Volcano)
  12 fungi
  16 plants
31 creatures vanquished.

Grand Total: 418 creatures vanquished

Notes
Turn   | Place    | Note
-------+----------+-------------------------------------------
     0 | D:1      | Gwenloh the Hill Orc Fighter began the quest for the Orb.
     0 | D:1      | Reached XP level 1. HP: 19/19 MP: 1/1
   187 | D:1      | Reached XP level 2. HP: 25/27 MP: 2/2
   634 | D:1      | Found a faded altar of an unknown god.
   642 | D:1      | Became a worshipper of Trog the Wrathful
   642 | D:1      | Reached * piety under Trog
   845 | D:2      | Reached skill level 3 in Axes
  1269 | D:2      | Noticed Robin
  1276 | D:2      | Killed Robin
  1277 | D:2      | Reached XP level 3. HP: 33/33 MP: 3/3
  1969 | D:2      | Reached ** piety under Trog
  1970 | D:2      | Reached XP level 4. HP: 37/40 MP: 4/4
  2148 | D:2      | Reached skill level 4 in Axes
  2760 | D:3      | Reached XP level 5. HP: 47/47 MP: 5/5
  2916 | D:3      | Noticed Ijyb
  2923 | D:3      | Killed Ijyb
  3639 | D:4      | Reached skill level 5 in Axes
  3730 | D:4      | Found an ornate altar of the Wu Jian Council.
  3750 | D:4      | Noticed an ogre
  3815 | D:4      | Killed an ogre
  3816 | D:4      | Reached XP level 6. HP: 43/55 MP: 6/6
  4072 | D:4      | Reached skill level 5 in Fighting
  4072 | D:4      | Reached skill level 6 in Axes
  4395 | D:4      | Reached XP level 7. HP: 28/61 MP: 7/7
  4586 | D:4      | Found a radiant altar of Vehumet.
  4831 | D:5      | Entered Level 5 of the Dungeon
  4848 | D:5      | Reached skill level 5 in Shields
  5167 | D:5      | Found an opulent altar of Gozag.
  5333 | D:5      | Found an iron altar of Okawaru.
  5484 | D:5      | Reached skill level 5 in Armour
  5519 | D:4      | Identified a scroll of acquirement
  5669 | D:5      | Reached skill level 7 in Axes
  5714 | D:5      | Acquired a manual of Shields
  6066 | D:6      | Reached XP level 8. HP: 67/70 MP: 8/8
  6232 | D:6      | Reached *** piety under Trog
  6298 | D:6      | Reached skill level 8 in Axes
  6853 | D:6      | Reached skill level 9 in Axes
  6895 | D:6      | Reached XP level 9. HP: 10/78 MP: 9/9
  7721 | D:7      | Reached skill level 10 in Axes
  7775 | D:7      | Found a staircase to the Ecumenical Temple.
  7844 | D:7      | Found a hide-covered altar of Uskayaw.
  8023 | D:7      | Found a broken altar of Ashenzari.
  8025 | D:7      | Noticed Prince Ribbit
  8047 | D:7      | Killed Prince Ribbit
  8073 | D:7      | Reached skill level 11 in Axes
  8243 | D:7      | Found a basalt altar of Yredelemnul.
  8293 | D:7      | Found a burning altar of Makhleb.
  8386 | D:7      | Reached XP level 10. HP: 74/88 MP: 10/10
  8662 | D:8      | Found a white marble altar of Elyvilon.
  8728 | D:8      | Noticed a centaur warrior
  8750 | D:8      | Killed a centaur warrior
  8751 | D:8      | Reached skill level 12 in Axes
  8791 | D:8      | Reached **** piety under Trog
  8792 | D:8      | Reached skill level 10 in Shields
  8976 | D:8      | Found a sacrificial altar of Ru.
  9012 | D:8      | Noticed a two-headed ogre
  9021 | D:8      | Killed a two-headed ogre
  9209 | D:8      | Noticed Maggie
  9220 | D:8      | Killed Maggie
  9812 | D:9      | Noticed a centaur warrior
  9832 | D:9      | Killed a centaur warrior
  9833 | D:9      | Reached skill level 13 in Axes
  9833 | D:9      | Reached XP level 11. HP: 47/97 MP: 11/11
 10183 | D:9      | HP: 1/145 [electric eel/bolt of electricity (7)]
 10417 | D:9      | Acquired the +6 broad axe "Grim Tooth" {flame, rElec Str+2
                  | Dex+2}
 10742 | D:9      | Noticed a two-headed ogre
 10749 | D:9      | Killed a two-headed ogre
 11062 | D:9      | Found a glowing golden altar of the Shining One.
 11198 | D:10     | Entered Level 10 of the Dungeon
 11300 | D:10     | Found an ancient bone altar of Kikubaaqudgha.
 11339 | D:10     | Noticed a cyclops
 11351 | D:10     | Killed a cyclops
 11535 | D:10     | Found a staircase to the Orcish Mines.
 11543 | D:10     | Reached skill level 10 in Fighting
 11611 | D:10     | Reached skill level 14 in Axes
 11915 | D:10     | Found Xeyggaug's Jewellery Boutique.
 12076 | D:11     | Found a frozen archway.
 12077 | D:11     | Noticed a boulder beetle
 12093 | D:10     | Reached ***** piety under Trog
 12177 | IceCv    | Entered an ice cave
 12286 | IceCv    | Noticed a death yak
 12286 | IceCv    | Noticed a death yak
 12311 | IceCv    | Killed a death yak
 12317 | IceCv    | Killed a death yak
 12616 | IceCv    | Reached skill level 15 in Axes
 12616 | IceCv    | Reached XP level 12. HP: 70/108 MP: 12/12
 12628 | IceCv    | Reached skill level 10 in Armour
 13090 | IceCv    | Noticed an ironbound frostheart
 13090 | IceCv    | Noticed a death yak
 13102 | IceCv    | Killed an ironbound frostheart
 13106 | IceCv    | Killed a death yak
 13107 | IceCv    | Noticed a death yak
 13111 | IceCv    | Killed a death yak
 13116 | IceCv    | Noticed an ironbound frostheart
 13122 | IceCv    | Killed an ironbound frostheart
 13123 | IceCv    | Reached skill level 16 in Axes
 13361 | IceCv    | Got the Collected Works on the Snowflakes
 13363 | IceCv    | Identified the +3 leather armour "Guopn" {rPois Regen+}
 13636 | D:11     | Killed a boulder beetle
 13813 | D:11     | Found a staircase to the Lair.
 13869 | D:11     | Received a gift from Trog
 13944 | D:11     | Found Vum Zavo's Book Shop.
 13953 | D:11     | Noticed a boulder beetle
 13963 | D:11     | Noticed a boulder beetle
 13970 | D:11     | Killed a boulder beetle
 13971 | D:11     | Reached XP level 13. HP: 117/117 MP: 13/13
 14425 | Lair:1   | Entered Level 1 of the Lair of Beasts
 14533 | Lair:1   | Reached skill level 17 in Axes
 14758 | Lair:1   | Found a runed translucent gate.
 14762 | Lair:1   | Found a runed translucent gate.
 14762 | Lair:1   | Found a runed translucent gate.
 14762 | Lair:1   | Noticed bmj180's ghost (journeyman DrCj)
 14763 | Lair:1   | Noticed PeterMcNeter's ghost (journeyman DsFi)
 16039 | Lair:2   | Found a hole to the Spider Nest.
 16601 | Lair:3   | Found a dark tunnel.
 16606 | Volcano  | Entered a volcano
 16649 | Volcano  | Reached skill level 18 in Axes
 16924 | Volcano  | Upgraded the game from 0.28-a0-46-g7b1be97da7 to
                  | 0.28-a0-69-g49dcd67cf8
 17004 | Volcano  | Engulfed by a cloud of flame

Illustrated notes

Levels and vault maps discovered:
D:1:      amcnicky_arrival_feature_with_door, layout_basic,
          dilly_ecumenical_altar_fadedgnrine
D:2:      layout_basic, minmay_hedge_maze, uniq_robin
D:3:      layout_basic, uniq_ijyb
D:4:      layout_loops_ring, nzn_wu_jian_contemplation,
          nicolae_overflow_hidden_temple
D:5:      layout_basic, mainiacjoe_overflow_chevrons,
          mainiacjoe_overflow_brackets
D:6:      layout_loops_ring, kennysheep_dice
D:7:      layout_loops_ring, ashenzari_altar_1, lemuel_crystal_altar,
          lemuel_zombie_altar_yredelemnul, kennysheep_little_box,
          minmay_temple_entry_ruins, uniq_prince_ribbit1
D:8:      layout_rooms, elyvilon_altar_1, mainiacjoe_overflow_six_doors_small,
          uniq_maggie
D:9:      layout_cave_pods, tso_altar, water_maze_lemuel
D:10:     layout_loops_cross, lemuel_doored_altar, david_orc_3, serial_shops,
          kennysheep_mini, kennysheep_small_spiral
D:11:     layout_cave_pools, minmay_lair_entry_grove, serial_shops,
          nicolae_shop_stone, serial_ice, serial_ice_k, serial_ice_h,
          serial_ice_n, serial_ice_f, portal_ice_cave_entry_pillars_2,
          minmay_misc_feat_alley
Lair:1:   cheibrodos_lair_river_kwai, layout_hall_layers,
          gammafunk_ghost_cemetery, minmay_holes, guppyfry_lair_drakes
Lair:2:   layout_gridlike, nicolae_spider_entry_non_spiders
Lair:3:   layout_cave_pods, enter_volcano_4
Volcano:  volcano_aerie

Skill      XL: |  1  2  3  4  5  6  7  8  9 10 11 12 13 |
---------------+----------------------------------------+-----
Axes           | 3 4 5 6 7 9 11 13 15 16 18 | 18.1
Fighting       | 4 5 6 8 9 10 11 12 | 12.8
Shields        | 4 5 7 9 11 12 13 14 | 14.4
Armour         | 4 5 6 7 8 9 11 | 11.9

Action                   |  1- 3 |  4- 6 |  7- 9 | 10-12 | 13-15 || total
-------------------------+-------+-------+-------+-------+-------++-------
Melee: War axe           |   109 |   123 |   319 |   119 |       ||   670
       Broad axe         |       |       |       |   326 |   242 ||   568
 Fire: Hunting sling     |       |       |       |     3 |       ||     3
       Hand crossbow     |       |       |       |       |     5 ||     5
Throw: Stone             |    50 |    76 |    47 |       |     4 ||   177
       Boomerang         |       |       |    25 |   107 |    10 ||   142
       Javelin           |       |       |       |       |    17 ||    17
Invok: Berserk           |       |     4 |     7 |    10 |     2 ||    23
       Trog's Hand       |       |     2 |     5 |     7 |     1 ||    15
       Brothers in Arms  |       |       |       |     2 |       ||     2
Evoke: Wand              |       |       |       |       |     1 ||     1
  Use: Scroll            |       |       |     7 |     4 |     4 ||    15
       Potion            |       |       |     1 |       |     1 ||     2
 Stab: Distracted        |       |       |       |     1 |       ||     1
Armor: Scale mail        |    36 |    67 |   132 |   122 |       ||   357
       Plate armour      |       |       |       |    44 |    77 ||   121
Dodge: Dodged            |    35 |    32 |    81 |   103 |    31 ||   282
Block: Kite shield       |    44 |    69 |   187 |   294 |   130 ||   724

Table legend: (Time is in decaauts)
 A = Elapsed time spent in this place.
 B = Non-inter-level travel time spent in this place.
 C = Inter-level travel time spent in this place.
 D = Time resting spent in this place.
 E = Time spent auto-exploring this place.
 F = Levels seen in this place.
 G = Mean time per level.
                   A        B        C        D        E       F      G
               +--------+--------+--------+--------+--------+-----+--------+
         Total |  17414 |  16694 |    720 |   1396 |  11984 |  16 | 1088.4 |
       Dungeon |  13474 |  12912 |    562 |    702 |   9926 |  11 | 1224.9 |
          Lair |   2103 |   1945 |    158 |     24 |   1561 |   3 |  701.0 |
      Ice Cave |   1440 |   1440 |      0 |    483 |    477 |   1 | 1440.0 |
       Volcano |    394 |    394 |      0 |    186 |     19 |   1 |  394.0 |
               +--------+--------+--------+--------+--------+-----+--------+

Top non-repeatable levels by time:
     D:6: 1878 daAuts
     D:2: 1678 daAuts
     D:9: 1568 daAuts
   IceCv: 1440 daAuts
     D:4: 1348 daAuts
     D:3: 1184 daAuts
  Lair:1: 1148 daAuts
     D:5: 1072 daAuts
     D:8: 1024 daAuts
     D:7: 1002 daAuts
    D:10: 959 daAuts
    D:11: 921 daAuts
  Lair:2: 898 daAuts
     D:1: 835 daAuts
 Volcano: 394 daAuts
